 Dungeon Crawl Stone Soup version 0.29.1-12-g30fa7ad0bf (webtiles) character file.

Game seed: 937149508459783549

131 FexLirch the Ruffian (level 4, -3/45 HPs)
             Began as a Troll Fighter on Dec 22, 2022.
             Blown up by Ijyb (18 damage)
             ... with a mindburst bolt
             ... on level 4 of the Dungeon.
             The game lasted 00:03:08 (2252 turns).

FexLirch the Ruffian (Troll Fighter)                Turns: 2252, Time: 00:03:09

Health: -3/45      AC:  4    Str: 24    XL:     4   Next: 91%
Magic:  3/3        EV:  8    Int:  6    God:
Gold:   140        SH: 12    Dex:  9    Spells: 0/3 levels left

rFire   . . .      SeeInvis .     - Unarmed
rCold   . . .      Faith    .   b - +0 kite shield
rNeg    . . .      Spirit   .   a - +0 robe
rPois   .          Reflect  +   (helmet restricted)
rElec   .          Harm     .   (no cloak)
rCorr   .          Rampage  .   (gloves unavailable)
Will    .....                   (boots unavailable)
Stlth   +.........              o - amulet of reflection
HPRegen 0.95/turn               (no ring)
MPRegen 0.08/turn               (no ring)

@: no status effects
A: large, unfitting armour, claws 3, regeneration 1, shaggy fur 1, tough skin 1
a: no special abilities


You were on level 4 of the Dungeon.
You visited 1 branch of the dungeon, and saw 4 of its levels.

You collected 140 gold pieces.

Inventory:

Missiles
 f - 6 boomerangs (quivered)
 j - 13 stones
Armour
 a - a +0 robe (worn)
 b - a +0 kite shield (worn)
Jewellery
 o - an amulet of reflection (around neck)
Wands
 p - a wand of quicksilver (4)
Scrolls
 d - 2 scrolls of immolation {unknown}
 e - 2 scrolls of magic mapping {unknown}
 k - a scroll of enchant armour {unknown}
 m - 3 scrolls of teleportation {unknown}
 n - a scroll of blinking {unknown}
 q - a scroll of vulnerability {unknown}
 r - a scroll of noise {unknown}
Potions
 c - a potion of might
 g - 2 potions of mutation {unknown}
 h - a potion of heal wounds {unknown}
 i - 2 potions of haste {unknown}
 l - a potion of lignification {unknown}


   Skills:
 + Level 3.1 Fighting
 - Level 2.4 Dodging
 + Level 3.4 Shields
 * Level 3.9 Unarmed Combat


You couldn't memorise any spells.
You knew the following spells:

 Your Spells              Type           Power      Damage    Failure   Level
a - Blink                 Tloc           0%         N/A       87%         2
b - Apportation           Tloc           0%         N/A       75%         1

Your spell library contained the following spells:

 Spells                   Type           Power      Damage    Failure   Level
 Necrotise                Necr           0%         1d4       75%         1
 Summon Small Mammal      Summ           0%         N/A       75%         1
 Lesser Beckoning         Tloc           0%         N/A       98%         3
 Manifold Assault         Tloc           0%         N/A       100%        5


Dungeon Overview and Level Annotations

Branches:
Dungeon (4/15)
 Temple: D:4-7

Altars:
Dithmenos
The Shining One

Shops:
D:1 (

Annotations:
D:4 Ijyb


Innate Abilities, Weirdness & Mutations

You are too large for most types of armour.
You have claws for hands.
Your natural rate of healing is unusually fast.
You are covered in fur. (AC +1)
You have tough skin. (AC +1)


Message History

Ijyb shouts!
Ijyb zaps a wand.
You barely resist.
Ijyb is nearby!
Ijyb zaps a wand.
Your mind is blasted!
You block Ijyb's attack.
You claw Ijyb!
Ijyb is heavily wounded.
You block Ijyb's attack.
You scratch Ijyb.
Ijyb is heavily wounded.
Ijyb screams, "Get away!"
You block Ijyb's attack.
You scratch Ijyb.
Ijyb is severely wounded.
Ijyb hits you with a +4 club.
You completely miss Ijyb.
Ijyb is severely wounded.
You block Ijyb's attack.
You closely miss Ijyb.
Ijyb is heavily wounded.
Ijyb zaps a wand.
Your mind is blasted!
You closely miss Ijyb.
Ijyb is heavily wounded.
You block Ijyb's attack.
You miss Ijyb.
Ijyb is heavily wounded.
You block Ijyb's attack.
You closely miss Ijyb.
Ijyb is heavily wounded.
Ijyb barely misses you.
You closely miss Ijyb.
Ijyb is heavily wounded.
You block Ijyb's attack.
You closely miss Ijyb.
Ijyb is heavily wounded.
Ijyb hits you with a +4 club!
You closely miss Ijyb.
Ijyb is heavily wounded.
Ijyb zaps a wand.
Your mind is blasted!
You die...

#### ... ..##
..######
####......##
#...@g......
##.#####..## ..#
#..## ##
.......#..####..###
....##.............
.. ###...<.......
#...........
#...........
#...........


You could see Ijyb.

Vanquished Creatures
  An orc wizard (D:2)
  2 adders (D:2)
  7 orcs
  9 bats
  7 endoplasms
  3 giant cockroaches
  6 goblins
  4 hobgoblins
  6 jackals
  3 quokkas
  5 ball pythons
  6 frilled lizards
  5 kobolds
  9 rats
73 creatures vanquished.

Notes
Turn   | Place    | Note
-------+----------+-------------------------------------------
     0 | D:1      | FexLirch the Troll Fighter began the quest for the Orb.
     0 | D:1      | Reached XP level 1. HP: 22/22 MP: 0/0
    67 | D:1      | Reached XP level 2. HP: 29/29 MP: 1/1
   148 | D:1      | Found Vejoy's Antique Weapon Emporium.
   575 | D:1      | Reached XP level 3. HP: 36/36 MP: 2/2
   964 | D:2      | Reached XP level 4. HP: 40/44 MP: 3/3
  1486 | D:2      | Found a faded altar of an unknown god.
  1657 | D:3      | Found a shadowy altar of Dithmenos.
  1768 | D:3      | Found a glowing golden altar of the Shining One.
  1845 | D:3      | Learned a level 2 spell: Blink
  1847 | D:3      | Learned a level 1 spell: Apportation
  2157 | D:4      | Noticed an ogre
  2178 | D:4      | Noticed a scorpion
  2239 | D:4      | Noticed Ijyb
  2252 | D:4      | Blown up by Ijyb

Illustrated notes

Levels and vault maps discovered:
D:1:      elethiomel_arrival_diamonds, layout_basic, serial_shops, shop
D:2:      minmay_angry_zag, layout_basic, shapermc_ecumenical_altar_pompeii
D:3:      layout_basic, general_overflow_altar, amcnicky_altar_gilded
D:4:      layout_rooms, old_standard_altar, minmay_splitting_lines,
          minmay_crystal_water, uniq_blork_the_orc, uniq_ijyb

Skill      XL: |  1  2  3  4 |
---------------+-------------+-----
Shields        | 3 |  3.4
Unarmed Combat | 3 |  3.9
Fighting       | 3 |  3.1
Dodging        | |  2.4

Action                   |  1- 3 |  4- 6 || total
-------------------------+-------+-------++-------
Melee: Unarmed           |   123 |    79 ||   202
 Stab: Sleeping          |       |     1 ||     1
Armor: Robe              |    48 |    29 ||    77
Dodge: Dodged            |    40 |    36 ||    76
Block: Kite shield       |    42 |    43 ||    85
